 Dungeon Crawl Stone Soup version 0.28.0 (console) character file.

Game seed: 9153804337941747527

152408 jejorda2 the Deadly Accurate (level 17, 0/93 HPs)
             Began as a Vine Stalker Berserker on Feb 12, 2022.
             Was a High Priest of Trog.
             Slain by a white draconian knight (1 damage)
             ... in an ice cave.
             The game lasted 01:24:53 (25804 turns).

jejorda2 the Deadly Accurate (VSBe)                Turns: 25804, Time: 01:24:53

Health: 0/93       AC: 32    Str: 28    XL:     17   Next: 58%
Magic:  0/18       EV: 13    Int:  9    God:    Trog [*****.]
Gold:   232        SH: 15    Dex: 14    Spells: 16/16 levels left

rFire   + . .      SeeInvis .   a - +9 quick blade (vorpal)
rCold   + . .      Faith    +   u - +2 kite shield "Giuloaf" {Rampage Drain Int+2 Slay+2}
rNeg    . . .      Spirit   +   K - +3 plate armour {rF+}
rPois   .          Reflect  .   s - +2 helmet
rElec   .          Harm     .   m - +2 cloak
rCorr   .          Rampage  +   J - +1 pair of gloves of Coyh {Fly}
Will    ++++.                   U - +2 pair of boots
Stlth   ..........              y - amulet of faith
HPRegen 2.05/turn               f - +4 ring of evasion
MPRegen 0.16/turn               F - ring of protection from cold

@: strong-willed, flying, regenerating, studying Armour
A: fangs 3, regeneration 1, magic shield, antimagic bite, no potion heal 2,
screaming 1
a: Renounce Religion, Berserk, Trog's Hand, Brothers in Arms


You were in an ice cave.
You worshipped Trog.
Trog was extremely pleased with you.
You visited 4 branches of the dungeon, and saw 25 of its levels.
You also visited: Sewer, Gauntlet, Ice Cave and Volcano.

You collected 2504 gold pieces.
You spent 2272 gold pieces at shops.

Inventory:

Hand Weapons
 a - a +9 vorpal quick blade (weapon)
 W - the +6 rapier "Unabbiel" {flame, rPois Str+4}
   (You found it in a Gauntlet)

   It burns those it strikes, dealing additional fire damage.
   Str:       It affects your strength (+4).
   rPois:     It protects you from poison.
Missiles
 c - 10 curare-tipped darts
 h - 5 silver javelins
 i - 44 poisoned darts
 w - a throwing net
 T - 30 boomerangs (quivered)
 X - 5 javelins
Armour
 m - a +2 cloak (worn)
 s - a +2 helmet (worn)
 u - the +2 kite shield "Giuloaf" (worn) {Rampage Drain Int+2 Slay+2}
   (You acquired it on level 5 of the Dungeon)

   Int:       It affects your intelligence (+2).
   Slay:      It affects your accuracy & damage with ranged weapons and melee
   (+2).
   Drain:     It drains your maximum health when unequipped.
   Rampage:   It bestows one free step when moving towards enemies.
 J - the +1 pair of gloves of Coyh (worn) {Fly}
   (You acquired it on level 1 of the Lair of Beasts)

   Fly:       It grants you flight.
 K - a +3 plate armour of fire resistance (worn)
 U - a +2 pair of boots (worn)
Jewellery
 e - the ring of Makhleb's Hope {rCorr Stlth+}
   (You found it in a Gauntlet)

   [ring of resist corrosion]

   rCorr:     It protects you from acid and corrosion.
   Stlth:     It makes you more stealthy.
 f - a +4 ring of evasion (left hand)
 y - an amulet of faith (around neck)
 F - a ring of protection from cold (right hand)
 Y - the ring "Guitim" {Fire rElec Dex+2}
   (You found it in a Gauntlet)

   [ring of fire]

   It enhances your fire magic.
   Dex:       It affects your dexterity (+2).
   rF:        It protects you from fire.
   rC:        It makes you vulnerable to cold.
   rElec:     It insulates you from electricity.
Wands
 q - a wand of flame (32)
 v - a wand of charming (12)
 B - a wand of iceblast (24)
 H - a wand of paralysis (11)
 I - a wand of polymorph (18)
 S - a wand of digging (9)
 V - a wand of acid (3)
Scrolls
 l - a scroll of holy word
 n - 8 scrolls of fog
 p - 2 scrolls of teleportation
 r - 2 scrolls of enchant armour
 A - 5 scrolls of fear
 G - 2 scrolls of summoning
 Q - 2 scrolls of blinking
 R - 6 scrolls of identify
Potions
 b - 3 potions of berserk rage
 g - 7 potions of ambrosia
 j - a potion of mutation
 k - 6 potions of curing
 t - 3 potions of invisibility
 D - 2 potions of lignification
 L - 6 potions of flight
 M - 5 potions of magic
 O - 3 potions of haste
 P - 3 potions of cancellation
Miscellaneous
 z - a lightning rod (4/4)
 N - a tin of tremorstones (1/2)


   Skills:
 - Level 12.0 Fighting
 - Level 8.0 Short Blades
 - Level 16.0 Throwing
 + Level 13.4 Armour
 - Level 6.0 Dodging
 - Level 14.5 Shields
 - Level 6.0 Evocations


You had 16 spell levels left.
You didn't know any spells.
Your spell library contained the following spells:

 Spells                   Type           Power      Damage    Failure   Level
 Dispersal                Tloc           0%         N/A       100%        6
 Disjunction              Tloc           0%         N/A       100%        8


Dungeon Overview and Level Annotations

Branches:
Dungeon (15/15)            Temple (0/1) D:5            Lair (6/6) D:8
 Shoals (2/4) Lair:2       Spider (0/4) Lair:3        Slime (0/5) Lair:6
    Orc (2/2) D:12            Elf (0/3) Orc:2        Vaults (0/5) D:14
 Depths (0/4) D:15          Sewer (visited)           IceCv (1/1)
Volcano (visited)         Gauntlet (visited)

Altars:
Ashenzari
Cheibriados
Dithmenos
Elyvilon
Gozag
Sif Muna
Vehumet
Zin
The Shining One
Beogh

Shops:
D:6 !   D:14 *   Orc:2 :(?:?

Portals:
Pandemonium: Orc:2

Annotations:
Lair:3 1 runed translucent door, thepacket's ghost, journeyman DsWz
Shoals:1 2 transporters, arthad's ghost, adept VSFi


Innate Abilities, Weirdness & Mutations

You have razor-sharp teeth.
Your natural rate of healing is unusually fast.
When hurt, damage is shared between your health and your magic reserves.
Your bite disrupts and absorbs the magic of your enemies.
Potions cannot restore your health.
You occasionally shout uncontrollably at your foes.


Message History

Something unexpectedly blocked you, preventing you from rampaging!
You hit something but do no damage. Your bite misses something.
Something unexpectedly blocked you, preventing you from rampaging!
You miss something. Something hits you! Something freezes you.
The storm dragon simulacrum closely misses you.
You block the storm dragon simulacrum's attack.
The storm dragon simulacrum tramples you but does no damage.
The white draconian breathes frost at you.
The blast of cold hits something!
The blast of cold hits you! You resist.
* * * LOW HITPOINT WARNING * * *
Your skin crawls.
You feel strong-willed.
You hear a roar.
A blast of cold appears from out of thin air!
The blast of cold hits you! You resist.
* * * LOW HITPOINT WARNING * * *
You block the storm dragon simulacrum's attack.
The storm dragon simulacrum claws you but does no damage.
The storm dragon simulacrum barely misses you.
The tremorstone explodes into fragments!
The burst of rock shards engulfs the white draconian. x2
The burst of rock shards engulfs something but does no damage.
The burst of rock shards engulfs the storm dragon simulacrum.
The burst of rock shards engulfs the white draconian!
The burst of rock shards engulfs you but does no damage.
The burst of rock shards engulfs something but does no damage.
The burst of rock shards engulfs the storm dragon simulacrum.
Something hits you but does no damage.
The storm dragon simulacrum bites you but does no damage.
You block the storm dragon simulacrum's attack.
The storm dragon simulacrum tramples you but does no damage.
Unknown command.
You hear some strange, mumbled words.
A bolt of cold appears from out of thin air!
The bolt of cold hits you!! You resist.
* * * LOW HITPOINT WARNING * * *
You block something's attack. Something hits you!
* * * LOW HITPOINT WARNING * * *
Something freezes you.
You die...

##.##
d.##
#.#.# ..#
# ##..#
..# #
##.# ##d#
# #..#
##..#
##.##
#...#
#..#
#####..#
##.##
##.d{#.##
#.#.#
#.@#.Z.#
##.##
##.##..#
#..##
#..#.##
##..#
###.###
#..##
##...#
##.##
##..###
###..#
##..##
#.#.##
#..##
###..##
#..#


You could see a white draconian.

Vanquished Creatures
  Jorgrun (D:15)
  Rupert (Lair:5)
  Roxanne (Shoals:1)
  An azure jelly (Shoals:2)
  A cacodemon (Gauntlet)
  An ironbound preserver (D:14)
  Azrael (D:15)
  Nessos (D:15)
  4 white draconians (IceCv)
  A minotaur (Gauntlet)
  A merfolk javelineer (Shoals:1)
  A merfolk impaler (Shoals:2)
  A fire dragon (Volcano)
  4 boulder beetles
  Fannar (D:11)
  12 hydras
  A catoblepas (Lair:6)
  A hell beast (Gauntlet)
  2 ogre magi (D:15)
  A demonspawn (Orc:2)
  3 death knights
  6 centaur warriors
  9 two-headed ogres
  The ghost of Clumpoid the Grappler, a novice TrFi of Cheibriados (D:9)
  3 tengu warriors
  7 death yaks
  A vampire mage (D:15)
  A deep troll shaman (Lair:6)
  9 orc high priests (Orc:2)
  Urug (D:11)
  A soul eater (Orc:2)
  A storm dragon zombie (D:15)
  3 skeletal warriors
  7 sea snakes
  A fire crab (Lair:6)
  A phantasmal warrior (D:15)
  An orange crystal statue (IceCv)
  A spectral hydra (Lair:1)
  Pikel (D:5)
  5 lindwurms (Volcano)
  3 deep elf pyromancers
  6 orc knights
  8 harpies (Shoals:1)
  A necromancer (D:15)
  4 orc sorcerers (Orc:2)
  6 ugly things (D:14)
  A stone giant zombie (D:15)
  7 manticores
  6 slime creatures
  5 fauns (Shoals:1)
  5 cyclopes
  A rust devil (Orc:2)
  7 black mambas
  Maurice (D:12)
  A fire giant skeleton (D:15)
  A water nymph (Shoals:1)
  2 merfolk sirens (Shoals:1)
  8 elephants
  2 smoke demons
  2 centaur zombies (D:11)
  2 storm dragon simulacra (IceCv)
  Psyche (D:9)
  An unseen horror (D:12)
  13 cane toads
  A spriggan zombie (D:15)
  A rime drake (Lair:1)
  5 komodo dragons
  4 freezing wraiths
  2 kobold demonologists (D:12)
  A tengu conjurer (D:14)
  An efreet (D:14)
  8 golden dragon simulacra (IceCv)
  5 trolls
  2 hornets (D:9)
  3 polar bears
  11 merfolk
  A wind drake (Shoals:1)
  A queen bee (D:9)
  4 snapping turtles
  9 blink frogs
  2 spectral dream sheep (Lair:1)
  A vampire (D:11)
  2 water elementals
  2 centaur simulacra (D:15)
  Sigmund (D:2)
  A spriggan (Lair:6)
  2 fire elementals (D:15)
  3 shadows
  A wyvern (Lair:6)
  A human (shapeshifter) (D:13)
  The ghost of Sanktem7 the Chopper, an amateur MiFi (D:4)
  32 yaks
  Eustachio (D:5)
  A hog (shapeshifter) (D:12)
  5 wraiths
  2 basilisks
  8 redbacks (D:12)
  2 neqoxecs (Gauntlet)
  2 spectral komodo dragons (Lair:1)
  5 steam dragons
  7 vampire mosquitoes
  A warg (Orc:2)
  Menkaure (D:4)
  2 acid dragons
  27 water moccasins
  9 hell hounds
  A hydra simulacrum (Lair:1)
  Duvessa (D:5)
  A sky beast (D:7)
  4 black bears
  An ice dragon simulacrum (IceCv)
  32 orc warriors
  9 ogres
  2 necrophages
  11 wolves
  4 boggarts (D:15)
  12 centaurs
  A phantom (D:5)
  2 wyvern zombies
  2 kobold brigands
  8 bullfrogs
  A gnoll sergeant (D:10)
  2 scorpions
  A water moccasin zombie (D:6)
  Dowan (D:5)
  20 killer bees
  7 lindwurm simulacra (IceCv)
  A howler monkey (D:10)
  13 wights
  2 electric eels (D:13)
  A bullfrog zombie (D:5)
  3 hounds
  26 orc priests
  Crazy Yiuf (D:2)
  2 centaur skeletons (D:6)
  3 gnoll shamans
  A bullfrog skeleton (D:7)
  A jelly (D:6)
  Jessica (D:3)
  Terence (D:2)
  3 iguanas
  11 orc wizards
  A howler monkey zombie (D:9)
  12 gnolls
  2 howler monkey skeletons
  6 adders
  3 white imps
  2 adder skeletons (D:4)
  A worm (D:4)
  3 dart slugs
  70 orcs
  21 ball pythons
  15 endoplasms
  15 giant cockroaches
  5 goblins
  3 hobgoblins
  3 jackals (D:1)
  11 quokkas
  6 bats
  13 frilled lizards
  14 kobolds
  6 rats
781 creatures vanquished.

Vanquished Creatures (collateral kills)
  The ghost of Mumum the Arsonist, a journeyman DrFE of Vehumet (Lair:5)
  The ghost of thepacket the Frost Mage, a journeyman DsWz of Sif Muna (Lair:1)
  A death knight (D:15)
  A hornet (D:9)
  A neqoxec (Gauntlet)
  4 killer bees (D:9)
9 creatures vanquished.

Vanquished Creatures (others)
  3 orcs (D:12)
  4 fungi
  33 plants
  17 withered plants
57 creatures vanquished.

Grand Total: 847 creatures vanquished

Notes
Turn   | Place    | Note
-------+----------+-------------------------------------------
     0 | D:1      | jejorda2 the Vine Stalker Berserker began the quest for the
                  | Orb.
     0 | D:1      | Reached XP level 1. HP: 11/11 MP: 2/2
   457 | D:1      | Reached XP level 2. HP: 11/16 MP: 3/3
   853 | D:1      | Reached XP level 3. HP: 15/20 MP: 4/4
  1168 | D:1      | Reached ** piety under Trog
  1735 | D:2      | Found a runed translucent door.
  1736 | D:2      | Noticed Crazy Yiuf
  1742 | D:2      | Killed Crazy Yiuf
  1743 | D:2      | Gained mutation: Your natural rate of healing is unusually
                  | fast. [Vine Stalker growth]
  1743 | D:2      | Reached XP level 4. HP: 24/24 MP: 5/5
  1808 | D:2      | Noticed Terence
  1815 | D:2      | Killed Terence
  2003 | D:2      | Noticed Sigmund
  2018 | D:2      | Killed Sigmund
  2019 | D:2      | Reached XP level 5. HP: 25/29 MP: 2/6
  2019 | D:2      | Reached XP level 6. HP: 29/33 MP: 2/7
  2136 | D:2      | Found a shadowy altar of Dithmenos.
  2431 | D:3      | Noticed Jessica
  2441 | D:3      | Killed Jessica
  2567 | D:3      | Found a snail-covered altar of Cheibriados.
  2569 | D:3      | Found a shimmering blue altar of Sif Muna.
  2601 | D:3      | Found a broken altar of Ashenzari.
  2797 | D:3      | Found a radiant altar of Vehumet.
  2798 | D:3      | Found an opulent altar of Gozag.
  2878 | D:4      | Reached skill level 5 in Short Blades
  3015 | D:4      | Noticed Menkaure
  3025 | D:4      | Killed Menkaure
  3026 | D:4      | Reached XP level 7. HP: 37/37 MP: 8/8
  3442 | D:4      | Found a runed translucent gate.
  3442 | D:4      | Noticed Sanktem7's ghost (amateur MiFi)
  3443 | D:4      | Found a runed translucent gate.
  3444 | D:4      | Found a runed translucent gate.
  3690 | D:5      | Entered Level 5 of the Dungeon
  3708 | D:5      | Noticed Pikel
  3715 | D:5      | Identified 3 scrolls of acquirement
  3715 | D:5      | Acquired the +2 kite shield "Giuloaf" {Rampage Drain Int+2
                  | Slay+2}
  3719 | D:5      | Acquired a +4 ring of evasion
  3721 | D:5      | Acquired a +8 quick blade
  3768 | D:5      | Found a glowing drain.
  3802 | Sewer    | Entered a sewer
  3852 | Sewer    | Reached *** piety under Trog
  4075 | Sewer    | Gained mutation: You have razor-sharp teeth. [Vine Stalker
                  | growth]
  4075 | Sewer    | Reached XP level 8. HP: 42/42 MP: 9/9
  4078 | Sewer    | Identified the +1 leather armour of Inviolability {Rampage
                  | Will+ Dex+3 Slay+3}
  4261 | D:5      | Reached skill level 5 in Fighting
  4318 | D:5      | Noticed Dowan
  4318 | D:5      | Noticed Duvessa
  4325 | D:5      | Killed Duvessa
  4333 | D:5      | Killed Dowan
  4475 | D:5      | Killed Pikel
  4476 | D:5      | Reached skill level 5 in Armour
  4476 | D:5      | Reached XP level 9. HP: 48/48 MP: 10/10
  4486 | D:5      | Reached skill level 1 in Shields
  4532 | D:5      | Found a staircase to the Ecumenical Temple.
  4539 | D:5      | Reached **** piety under Trog
  4919 | D:5      | Noticed Eustachio
  4936 | D:5      | Killed Eustachio
  5014 | D:4      | Killed Sanktem7's ghost
  6048 | D:6      | Reached skill level 5 in Shields
  6247 | D:6      | Found Giysk's Distillery.
  6255 | D:6      | Bought a potion of invisibility for 112 gold pieces
  6309 | D:6      | Reached XP level 10. HP: 53/53 MP: 11/11
  6567 | D:7      | Reached skill level 1 in Evocations
  7090 | D:8      | Reached ***** piety under Trog
  7560 | D:8      | Found a staircase to the Lair.
  7820 | D:9      | Noticed Psyche
  7831 | D:9      | Killed Psyche
  8379 | D:9      | Reached XP level 11. HP: 56/56 MP: 12/12
  8442 | D:9      | Noticed Clumpoid's ghost (novice TrFi)
  8470 | D:9      | Found a transporter.
  8473 | D:9      | Found a transporter.
  8586 | D:9      | Reached skill level 5 in Evocations
  8600 | D:9      | Killed Clumpoid's ghost
  8777 | Lair:1   | Entered Level 1 of the Lair of Beasts
  8871 | Lair:1   | Reached skill level 10 in Shields
  8924 | Lair:1   | Noticed a five-headed hydra
  8931 | Lair:1   | Killed a five-headed hydra
  9286 | Lair:1   | Found a runed translucent gate.
  9287 | Lair:1   | Found a runed translucent gate.
  9289 | Lair:1   | Found a runed translucent gate.
  9296 | Lair:1   | Noticed thepacket's ghost (journeyman DsWz)
  9534 | Lair:1   | Killed thepacket's ghost
  9555 | Lair:1   | Acquired the +1 pair of gloves of Coyh {Fly}
  9675 | Lair:2   | Found a dark tunnel.
  9691 | Volcano  | Entered a volcano
  9720 | Volcano  | Noticed a lindwurm
  9727 | Volcano  | Killed a lindwurm
  9728 | Volcano  | Reached XP level 12. HP: 62/62 MP: 13/13
  9912 | Volcano  | Noticed a fire dragon
  9927 | Volcano  | Killed a fire dragon
 10382 | Lair:2   | Found a staircase to the Shoals.
 10621 | Lair:2   | Found the +8 whip "Snakebite" {venom, curare, rPois}
 11028 | Lair:3   | Found a hole to the Spider Nest.
 11091 | Lair:3   | Identified the +2 robe of Weightlessness {Str-2 Dex+4}
 11378 | Lair:3   | Found a runed translucent door.
 11381 | Lair:3   | Noticed thepacket's ghost (journeyman DsWz)
 11381 | Lair:3   | Identified the +3 spear of Qirriz {distort, SInv}
 12421 | Lair:5   | Found a runed translucent gate.
 12421 | Lair:5   | Found a runed translucent gate.
 12422 | Lair:5   | Found a runed translucent gate.
 12423 | Lair:5   | Noticed a death yak
 12424 | Lair:5   | Noticed Mumum's ghost (journeyman DrFE)
 12425 | Lair:5   | Noticed a four-headed hydra
 12433 | Lair:5   | Noticed a six-headed hydra
 12441 | Lair:5   | Killed a six-headed hydra
 12442 | Lair:5   | Reached XP level 13. HP: 44/68 MP: 14/14
 12577 | Lair:5   | Reached XP level 14. HP: 73/73 MP: 15/15
 12645 | Lair:5   | Killed Mumum's ghost
 13086 | Lair:5   | Noticed Rupert
 13099 | Lair:5   | Killed Rupert
 13646 | Lair:6   | Entered Level 6 of the Lair of Beasts
 13911 | Lair:6   | Identified the +8 quarterstaff of Harmony {vorpal, rF+}
                  | (Trog gifted it to you on level 6 of the Lair of Beasts)
 13911 | Lair:6   | Received a gift from Trog
 13922 | Lair:6   | Reached skill level 10 in Fighting
 13981 | Lair:6   | Found a staircase to the Slime Pits.
 14279 | Lair:6   | Reached skill level 10 in Armour
 14328 | Lair:6   | Identified the +0 long sword of Jakhlin {venom, rPois SInv}
 14573 | Lair:6   | Reached XP level 15. HP: 58/81 MP: 16/16
 15194 | D:10     | Entered Level 10 of the Dungeon
 15323 | D:10     | Found a white marble altar of Elyvilon.
 15757 | D:11     | Found a gate leading to a gauntlet.
 15767 | Gauntlet | Entered a Gauntlet
 15767 | Gauntlet | Noticed a cacodemon
 15767 | Gauntlet | Found a transporter.
 15767 | Gauntlet | Found a transporter.
 15767 | Gauntlet | Found a transporter.
 15768 | Gauntlet | Found a transporter.
 15771 | Gauntlet | Found a transporter.
 15782 | Gauntlet | Found a transporter.
 15808 | Gauntlet | Found a transporter.
 15808 | Gauntlet | Found a transporter.
 15824 | Gauntlet | Found a transporter.
 15842 | Gauntlet | Found a transporter.
 15850 | Gauntlet | Found a transporter.
 15870 | Gauntlet | Found a transporter.
 16009 | Gauntlet | Gained mutation: You occasionally shout uncontrollably at
                  | your foes. [a neqoxec]
 16027 | Gauntlet | Killed a cacodemon
 16037 | Gauntlet | Identified the ring of Makhleb's Hope {rCorr Stlth+}
 16102 | Gauntlet | Reached skill level 5 in Dodging
 16167 | Gauntlet | Identified the ring "Guitim" {Fire rElec Dex+2}
 16174 | Gauntlet | Identified the +6 rapier "Unabbiel" {flame, rPois Str+4}
 16411 | D:11     | Noticed Urug
 16422 | D:11     | Killed Urug
 16705 | D:11     | Noticed Fannar
 16723 | D:11     | Killed Fannar
 16723 | D:11     | Received a gift from Trog
 17055 | D:12     | Noticed Maurice
 17065 | D:12     | Reached skill level 1 in Throwing
 17098 | D:12     | Killed Maurice
 17129 | D:12     | Reached skill level 2 in Throwing
 17458 | D:12     | Found a staircase to the Orcish Mines.
 17629 | D:12     | Reached skill level 3 in Throwing
 17914 | Orc:1    | Entered Level 1 of the Orcish Mines
 18030 | Orc:1    | Reached skill level 4 in Throwing
 18176 | Orc:2    | Entered Level 2 of the Orcish Mines
 18193 | Orc:1    | Received a gift from Trog
 18982 | Orc:2    | Found Ducel's Self-Improvement Boutique.
 19037 | Orc:2    | Found a staircase to the Elven Halls.
 19194 | Orc:2    | Found Qaukekh's Magic Scroll Shoppe.
 19194 | Orc:2    | Found Ihofy's Magic Scroll Emporium.
 19388 | Orc:2    | Reached skill level 5 in Throwing
 19716 | Orc:2    | Reached ****** piety under Trog
 19770 | Orc:2    | Reached XP level 16. HP: 74/88 MP: 17/17
 19818 | Orc:2    | Received a gift from Trog
 19819 | Orc:2    | Reached skill level 6 in Throwing
 19867 | Orc:2    | Found Sumirete's Book Boutique.
 19867 | Orc:2    | Found Ymieduna's Antique Weapon Shop.
 19867 | Orc:2    | Found a one-way gate leading to the halls of Pandemonium.
 19982 | Orc:2    | Bought a manual of Throwing for 1040 gold pieces
 20121 | D:13     | Reached skill level 7 in Throwing
 20371 | D:13     | Reached skill level 8 in Throwing
 21170 | D:14     | Reached skill level 9 in Throwing
 21201 | D:14     | Found a gate to the Vaults.
 21219 | D:14     | Received a gift from Trog
 21319 | D:14     | Reached skill level 10 in Throwing
 21630 | D:14     | Found Voimuot's Assorted Antiques.
 21971 | D:15     | Entered Level 15 of the Dungeon
 21985 | D:15     | Noticed Azrael
 21995 | D:15     | Reached skill level 11 in Throwing
 22034 | D:15     | Killed Azrael
 22314 | D:15     | Reached skill level 12 in Throwing
 22389 | D:15     | Identified the +3 robe "Petu" {Will+ Str+3 Int-5}
 22431 | D:15     | Noticed Jorgrun
 22452 | D:15     | Killed Jorgrun
 22596 | D:15     | Reached skill level 13 in Throwing
 22718 | D:15     | Found a glowing golden altar of the Shining One.
 22718 | D:15     | Found a glowing silver altar of Zin.
 22719 | D:15     | Found a white marble altar of Elyvilon.
 23089 | D:15     | Reached skill level 14 in Throwing
 23102 | D:15     | Found a staircase to the Depths.
 23104 | D:15     | Noticed Nessos
 23167 | D:15     | Killed Nessos
 23168 | D:15     | Reached XP level 17. HP: 92/93 MP: 18/18
 23305 | D:15     | Received a gift from Trog
 23656 | Shoals:1 | Entered Level 1 of the Shoals
 23656 | Shoals:1 | Identified Roxanne's Disquisition on Transmigration
 23656 | Shoals:1 | Noticed Roxanne
 23693 | Shoals:1 | Killed Roxanne
 23770 | Shoals:1 | Reached skill level 15 in Throwing
 24036 | Orc:2    | Bought a manual of Armour for 1120 gold pieces
 24546 | Shoals:1 | Found a transporter.
 24548 | Shoals:1 | Noticed arthad's ghost (adept VSFi)
 24579 | Shoals:1 | Found a transporter.
 24598 | Shoals:1 | You are sucked into a shaft and drop 1 floor!
 25198 | Shoals:2 | Received a gift from Trog
 25246 | Shoals:2 | Found a frozen archway.
 25280 | IceCv    | Entered an ice cave
 25497 | IceCv    | Identified the +2 robe "Rell" {rN+}
 25578 | IceCv    | Reached skill level 16 in Throwing
 25804 | IceCv    | HP: 1/93 [something (9)]
 25804 | IceCv    | Slain by a white draconian knight

Illustrated notes

Levels and vault maps discovered:
D:1:      sevenhm_arrival_forest_fort_small_4, layout_basic
D:2:      layout_rooms, basic_altar, uniq_terence, uniq_crazy_yiuf_cottage,
          uniq_sigmund
D:3:      layout_loops_ring, nicolae_overflow_hidden_temple, uniq_jessica
D:4:      layout_loops_ring, biasface_ghost_orc_armoury,
          kennysheep_small_spiral, eino_tiny_chamber, uniq_menkaure
D:5:      layout_cave_pods, minmay_temple_entry_proselytizer,
          portal_sewer_entry_b, amethyst_killhole, amcnicky_mini_pool_small,
          uniq_eustachio, uniq_pikel, uniq_duvessa
D:6:      layout_basic, serial_shops, shop
D:7:      layout_rooms, kennysheep_generic_room_16
D:8:      layout_loops_ring, lair_entry_dummy
D:9:      layout_gridville, gammafunk_ghost_hive, uniq_psyche
D:10:     layout_roguey, mainiacjoe_overflow_surrounded_room,
          grunt_decor_one_mirror
D:11:     layout_gridville, gauntlet_entry_generic, uniq_urug, uniq_fannar
D:12:     minmay_blocky_corners, layout_rooms, hiddenorc1_lemuel,
          kennysheep_donut, drop_trap, uniq_maurice
D:13:     statuecave_lemuel, layout_rooms
D:14:     layout_loops_ring, skrybe_vaults_entry_preservation,
          hangedman_abyss_or_decor_clamps, serial_shops,
          nicolae_shop_hallway_stairs
D:15:     gammafunk_depths_entry_grave, layout_loops_corners,
          good_gods_temple_1, uniq_jorgrun, uniq_azrael, uniq_nessos
Lair:1:   wander_river, layout_chaotic_city, gammafunk_ghost_necromancy,
          bh_autumn_forest_stairs
Lair:2:   minmay_guarded_unrand_snakebite, layout_gridlike,
          minmay_shoals_entry_hut, nicolae_volcano_entry_s_turn
Lair:3:   layout_regular_city, spider_nest_entry_a, ebering_ghost_funeral_grove,
          evilmike_ambush [evilmike_ambush_outer_doors,
          evilmike_ambush_inner_basic]
Lair:4:   layout_regular_city, minivault_27, hibernation_bobbens
Lair:5:   layout_cave_pods, gammafunk_ghost_split, beast_lair_carwin_8,
          uniq_rupert
Lair:6:   grunt_lair_end_beastmaster, layout_cave_pods,
          nicolae_slime_entry_slimehenge, chequers_serial_rivers_micro_c,
          grunt_forest_large_clearing_hut
Shoals:1: layout_shoals, gammafunk_ghost_arena, uniq_roxanne
Shoals:2: layout_shoals, portal_ice_cave_entry_frozen_things,
          nicolae_shoals_isolated_beach
Orc:1:    layout_caves, minmay_orc_barracks
Orc:2:    pf_orc_diabolical, layout_diamond_mine, nicolae_shop_self_help
IceCv:    ice_cave_small_dragons

Skill      XL: |  1  2  3  4  5  6  7  8  9 10 11 12 13 14 15 16 17 |
---------------+----------------------------------------------------+-----
Short Blades   | 3 4 5 6 8 |  8.0
Fighting       | 3 4 6 8 10 12 | 12.0
Armour         | 2 3 5 6 7 10 11 12 13 | 13.4
Shields        | 5 8 11 13 14 | 14.5
Evocations     | 4 6 |  6.0
Dodging        | 3 6 |  6.0
Throwing       | 5 14 16 | 16.0

Action                   |  1- 3 |  4- 6 |  7- 9 | 10-12 | 13-15 | 16-18 || total
-------------------------+-------+-------+-------+-------+-------+-------++-------
Melee: Short sword       |    54 |       |       |       |       |       ||    54
       Bite              |    21 |    24 |    86 |   201 |   472 |   458 ||  1262
       Dagger            |    43 |   113 |    62 |       |       |       ||   218
       Punch             |       |     1 |     6 |     6 |       |       ||    13
       Quick blade       |       |       |   301 |   601 |  1136 |   938 ||  2976
Throw: Stone             |    22 |       |     7 |     7 |    30 |       ||    66
       Dart              |       |       |       |       |    18 |       ||    18
       Boomerang         |       |       |       |       |       |    28 ||    28
Invok: Berserk           |     2 |     4 |     6 |     7 |     6 |     6 ||    31
       Trog's Hand       |       |     1 |     1 |     3 |     2 |     3 ||    10
       Brothers in Arms  |       |       |       |     2 |     1 |     1 ||     4
Evoke: Wand              |       |       |       |       |       |     3 ||     3
       Tin of tremorston |       |       |       |       |       |     1 ||     1
  Use: Scroll            |       |       |    16 |    13 |     7 |     2 ||    38
       Potion            |       |       |       |       |     1 |     1 ||     2
 Stab: Sleeping          |     1 |       |       |       |       |       ||     1
       Petrified         |       |       |       |       |    14 |       ||    14
       Petrifying        |       |       |       |       |     1 |       ||     1
       Distracted        |       |       |       |       |     1 |       ||     1
Armor: Leather armour    |    28 |       |       |       |       |       ||    28
       Animal skin       |     1 |       |       |       |       |       ||     1
       Scale mail        |       |    31 |    77 |    72 |    68 |       ||   248
       Chain mail        |       |       |       |    22 |       |       ||    22
       Plate armour      |       |       |       |       |   113 |   247 ||   360
Dodge: Dodged            |    50 |    29 |   126 |   190 |   204 |   164 ||   763
Block: Kite shield       |       |       |       |    92 |   374 |   350 ||   816
